 Dungeon Crawl Stone Soup version 0.29-a0-925-g0a7a3d12f8 (webtiles) character file.

Game seed: 1187050687661100047

97 Newt the Twirler (level 5, -2/29 (37) HPs)
             Began as a Meteoran Gladiator on July 28, 2022.
             Was a Believer of Fedhas.
             Slain by an orc
             ... wielding a +0 club
              (5 damage)
             ... on level 4 of the Dungeon.
             The game lasted 00:04:07 (2041 turns).

Newt the Twirler (Meteoran Gladiator)               Turns: 2041, Time: 00:04:08

HP:   -2/29 (37)    AC:  4    Str: 25    XL:     5   Next: 20%
MP:   6/6           EV: 13    Int:  7    God:    Fedhas [**....]
Gold: 23            SH:  0    Dex: 14    Spells: 4/4 levels left

rFire   . . .      SeeInvis +   a - +0 quarterstaff
rCold   . . .      Faith    .   (shield currently unavailable)
rNeg    . . .      Spirit   .   b - +0 leather armour
rPois   .          Reflect  .   c - +0 helmet
rElec   .          Harm     .   (no cloak)
rCorr   .          Rampage  .   (no gloves)
Will    .....                   (no boots)
Stlth   +.........              (no amulet)
HPRegen 0.09/turn               g - ring of see invisible
MPRegen 0.10/turn               (no ring)

@: glowing, heavily drained
A: sense surroundings 1, otherworldly, glowing, explore regen, frail 1, strong 2
a: Renounce Religion, Wall of Briars


You were on level 4 of the Dungeon.
You worshipped Fedhas.
Fedhas was pleased with you.
You visited 1 branch of the dungeon, and saw 4 of its levels.

You collected 51 gold pieces.
You spent 28 gold pieces at shops.

Inventory:

Hand Weapons
 a - a +0 quarterstaff (weapon)
Missiles
 d - 3 throwing nets (quivered)
 e - a javelin
 j - 9 poisoned darts
Armour
 b - a +0 leather armour (worn)
 c - a +0 helmet (worn)
Jewellery
 g - a ring of see invisible (left hand)
Scrolls
 l - a scroll of magic mapping {unknown}
 n - a scroll of vulnerability {unknown}
 o - a scroll of identify
Potions
 f - a potion of resistance
 h - a potion of cancellation
 i - a potion of curing
 k - a potion of brilliance
 p - a potion of flight


   Skills:
 + Level 2.4 Fighting
 + Level 5.1 Staves
 + Level 2.5 Throwing
 + Level 1.5 Armour
 + Level 4.5 Dodging


You had 4 spell levels left.
You didn't know any spells.
Your spell library contained the following spells:

 Spells                   Type           Power      Damage    Failure   Level
 Ensorcelled Hibernation  Hex/Ice        0%         N/A       63%         2
 Spider Form              Tmut/Pois      0%         N/A       85%         3
 Anguish                  Hex/Necr       0%         N/A       99%         4


Dungeon Overview and Level Annotations

Branches:
Dungeon (4/15) Zot: 546
 Temple: D:4-7

Altars:
Fedhas
Vehumet

Shops:
D:2 *


Innate Abilities, Weirdness & Mutations

You passively map a small area around you.
You are easily found by Zot.
You glow in the dark.
You regain HP and MP as you explore.
You are frail. (-10% HP)
Your muscles are very strong. (Str +8, Int/Dex -2)


Message History

The goblin wields a +0 sling.
The goblin shoots a sling bullet.
The sling bullet barely misses you. The orc hits you with a +0 hand axe.
There is a stone staircase leading up, spattered with blood here.
You sock the orc!
You kill the orc!
Fedhas appreciates your contribution to the ecosystem.
The orc wizard mumbles some strange words.
The orc wizard flickers and vanishes for a moment.
The goblin shoots a sling bullet.
The sling bullet closely misses you. The orc misses you.
The goblin shoots a sling bullet.
The sling bullet hits you but does no damage.
You closely miss the orc. The orc hits you with a +0 club.
The goblin shoots a sling bullet.
The sling bullet closely misses the orc wizard.
The sling bullet hits you.
You closely miss the orc. You closely miss the orc priest.
The orc priest hits you with a +0 short sword.
The orc barely misses you.
You barely miss the orc priest.
The orc wizard gestures at you while chanting.
The puff of flame hits you. The orc hits you but does no damage.
The orc priest mumbles some strange prayers to Beogh against you.
Pain shoots through your body!
You hit the orc priest.
The orc priest is moderately wounded.
The orc wizard hits you with a +0 dagger.
* * * LOW HITPOINT WARNING * * *
The orc hits you but does no damage.
The orc priest hits you but does no damage.
The orc wizard hits you with a +0 dagger.
* * * LOW HITPOINT WARNING * * *
The orc priest hits you but does no damage.
The orc hits you with a +0 club.
* * * LOW HITPOINT WARNING * * *
You hit the orc priest but do no damage.
The orc priest is moderately wounded.
The orc hits you with a +0 club.
You die...
Fedhas appreciates your contribution to the ecosystem.

##########
#........#
#.<......#
#........#
#........# ,
#........#
#........# ,
* #<.oo....#
,* #).@og...#
* ,,
##+##....## *
** *
*##...†#* ,
**,
,*#.........
, #.........
, *
#..........
..o........ *
,g.........?.
,< *
.............
*


You could see an orc priest, an orc wizard (invisible), an orc and a goblin.

Vanquished Creatures
  3 adders
  A worm (D:2)
  2 dart slugs (D:2)
  An orc (D:4)
  4 endoplasms
  A giant cockroach (D:1)
  7 goblins
  4 hobgoblins
  10 jackals
  5 quokkas
  2 ball pythons
  7 bats
  3 frilled lizards
  4 kobolds
  2 rats
56 creatures vanquished.

Notes
Turn   | Place    | Note
-------+----------+-------------------------------------------
     0 | D:1      | Newt the Meteoran Gladiator began the quest for the Orb.
     0 | D:1      | Reached XP level 1. HP: 17/17 MP: 2/2
   107 | D:1      | Reached XP level 2. HP: 24/24 MP: 3/3
   171 | D:1      | Found a faded altar of an unknown god.
   182 | D:1      | Reached skill level 4 in Staves
   190 | D:1      | Prayed at the altar of an unknown god.
   190 | D:1      | Became a worshipper of Fedhas Madash
   190 | D:1      | Reached * piety under Fedhas
   357 | D:1      | Reached XP level 3. HP: 28/29 MP: 4/4
   493 | D:1      | Glimpsed the power of Zot.
   543 | D:1      | Glimpsed the power of Zot.
   583 | D:1      | Glimpsed the power of Zot.
   593 | D:1      | Touched by the power of Zot.
   747 | D:2      | Reached XP level 4. HP: 22/25 MP: 5/5
   970 | D:2      | Found Uneudout's General Store.
   975 | D:2      | Bought a scroll of identify for 28 gold pieces
  1291 | D:2      | Glimpsed the power of Zot.
  1341 | D:2      | Glimpsed the power of Zot.
  1371 | D:3      | Reached ** piety under Fedhas
  1411 | D:3      | Found a radiant altar of Vehumet.
  1506 | D:3      | Reached skill level 5 in Staves
  1522 | D:3      | Reached skill level 1 in Armour
  1824 | D:3      | Gained mutation: You are frail. (-10% HP) [potion of
                  | mutation]
  1824 | D:3      | Gained mutation: Your muscles are strong. (Str +4, Int/Dex
                  | -1) [potion of mutation]
  1824 | D:3      | Gained mutation: Your muscles are very strong. (Str +8,
                  | Int/Dex -2) [potion of mutation]
  1831 | D:3      | Reached XP level 5. HP: 8/28 MP: 6/6
  1889 | D:3      | Glimpsed the power of Zot.
  2041 | D:4      | Slain by an orc

Illustrated notes

Levels and vault maps discovered:
D:1:      grunt_arrival_lava_bath, layout_basic, serial_co_window_serial,
          co_window_paths_a, co_window_paths_b, co_window_paths_a,
          co_window_of_opportunity_a, co_window_of_opportunity_a,
          co_window_paths_b, co_window_unsneaky_path_d, co_window_2corner,
          co_window_unsneaky_path_c, co_window_2corner, co_window_corner_ca,
          co_window_of_opportunity_b, co_window_of_opportunity_c,
          glass_columns_b, hellmonk_ecumenical_altar_pennies_from_heaven,
          minmay_hedge_maze
D:2:      layout_loops_ring, serial_shops, shop, minmay_unequal
D:3:      layout_basic, trog_antimagical, lemuel_crystal_altar,
          grunt_decor_arrowhead
D:4:      layout_rooms, mainiacjoe_overflow_alcove_4,
          gammafunk_temple_overflow_statue, cheibrodos_gnoll_hut, uniq_pikel

Skill      XL: |  1  2  3  4 |
---------------+-------------+-----
Dodging        | 4 |  4.5
Staves         | 4 5 |  5.1
Armour         | 1 |  1.5
Fighting       | |  2.4
Throwing       | |  2.5

Action                   |  1- 3 |  4- 6 || total
-------------------------+-------+-------++-------
Melee: Quarterstaff      |    65 |    94 ||   159
  Use: Scroll            |       |     6 ||     6
       Potion            |       |     2 ||     2
Armor: Leather armour    |    31 |    57 ||    88
Dodge: Dodged            |    34 |    70 ||   104

Table legend: (Time is in decaauts)
 A = Elapsed time spent in this place.
 B = Non-inter-level travel time spent in this place.
 C = Inter-level travel time spent in this place.
 D = Time resting spent in this place.
 E = Time spent auto-exploring this place.
 F = Levels seen in this place.
 G = Mean time per level.
                   A        B        C        D        E       F      G
               +--------+--------+--------+--------+--------+-----+--------+
         Total |   2052 |   1960 |     92 |    459 |   1045 |   4 |  513.0 |
       Dungeon |   2052 |   1960 |     92 |    459 |   1045 |   4 |  513.0 |
               +--------+--------+--------+--------+--------+-----+--------+

Top non-repeatable levels by time:
     D:2: 748 daAuts
     D:3: 659 daAuts
     D:1: 608 daAuts
     D:4: 36 daAuts
